 Dungeon Crawl Stone Soup version 0.31.0-11-ge490571c62 (webtiles) character file.

Game seed: 12532114914371072207

66 browni3141 the Shield-Bearer (level 3, 0/33 HPs)
             Began as a Minotaur Fighter on Jan 27, 2024.
             Was an Initiate of Okawaru.
             Slain by a gnoll
             ... wielding a +0 spear
              (2 damage)
             ... on level 4 of the Dungeon.
             The game lasted 00:00:50 (589 turns).

browni3141 the Shield-Bearer (Minotaur Fighter)      Turns: 589, Time: 00:00:51

Health: 0/33       AC:  7    Str: 22    XL:     3   Next: 96%
Magic:  2/2        EV:  8    Int:  5    God:    Okawaru [......]
Gold:   63         SH:  8    Dex:  9    Spells: 2/2 levels left

rFire   . . .        a - +0 war axe
rCold   . . .        e - +0 kite shield
rNeg    . . .        b - +0 scale mail
rPois   .            (helmet restricted)
rElec   .            (no cloak)
rCorr   .            (no gloves)
SInv    .            (no boots)
Will    .....        (no amulet) Stlth
                     (no ring)
HPRegen 0.25/turn    (no ring)
MPRegen 0.08/turn

%: no passive effects
@: mighty
A: horns 2, retaliatory headbutt
a: Renounce Religion


You were on level 4 of the Dungeon.
You worshipped Okawaru.
Okawaru was noncommittal.
You visited 2 branches of the dungeon, and saw 5 of its levels.

You collected 63 gold pieces.

Inventory:

Hand Weapons
 a - a +0 war axe (weapon)
Armour
 b - a +0 scale mail (worn)
 c - a +0 buckler
 e - a +0 kite shield (worn)
Scrolls
 g - a scroll of identify {unknown}
 i - a scroll of fear {unknown}
 k - a scroll of teleportation {unknown}
Potions
 f - 2 potions of cancellation {unknown}
 h - a potion of curing {unknown}
 j - a potion of brilliance {unknown}


   Skills:
 + Level 4.1 Fighting
 * Level 3.8 Axes
 + Level 4.1 Armour
 + Level 4.1 Shields


You had 2 spell levels left.
You didn't know any spells.
Your spell library was empty.

Dungeon Overview and Level Annotations

Branches:
Dungeon (4/15)             Temple (1/1) D:4

Altars:
Ashenzari
Dithmenos
Fedhas
Hepliaklqana
Kikubaaqudgha
Makhleb
Nemelex Xobeh
Okawaru
Qazlal
Ru
Sif Muna
Uskayaw
Vehumet
Wu Jian

Shops:
D:4 :


Innate Abilities, Weirdness & Mutations

You have a pair of horns on your head.
You reflexively headbutt those who attack you in melee.


Message History

No target in view!
No target in view!
No target in view!
A bombardier beetle comes into view.
A bombardier beetle is nearby!
A bombardier beetle is nearby!
A bombardier beetle is nearby!
A bombardier beetle is nearby!
A dart slug comes into view.
The dart slug launches a dart at you. The slug dart misses you.
You hit the bombardier beetle but do no damage.
The bombardier beetle waves its antennae.
The bombardier beetle barely misses you.
You furiously retaliate!
You headbutt the bombardier beetle! You slash the bombardier beetle!
The bombardier beetle is almost dead.
You block the bombardier beetle's attack.
You hit the bombardier beetle but do no damage.
Your headbutt misses the bombardier beetle.
The bombardier beetle is almost dead.
The bombardier beetle sprays incendiary fluid at you.
The burning spray hits you.
You are covered in liquid fire!
You hit the bombardier beetle but do no damage.
The bombardier beetle is almost dead.
The liquid fire burns you!
You block the bombardier beetle's attack.
The dart slug launches a dart at you. You block the slug dart.
You shake off some of the fire as you move.
The liquid fire burns you!
The bombardier beetle bites you but does no damage.
You hit the bombardier beetle. You headbutt the bombardier beetle.
You kill the bombardier beetle!
Okawaru is honoured by your kill. The liquid fire burns you!
The dart slug launches a dart at you. The slug dart misses you.
Your Fighting skill increases to level 4!
Your Armour skill increases to level 4!
Your Shields skill increases to level 4!
You have reached level 3!
Your experience leads to an increase in your attributes!
Increase (S)trength, (I)ntelligence, or (D)exterity?
You feel stronger. x2
You shake off some of the fire as you move.
The liquid fire burns you!
You shake off the liquid fire.
The dart slug launches a dart at you. The slug dart misses you.
The dart slug completely misses you.
You slash the dart slug!
You kill the dart slug!
Okawaru accepts your kill.
HP restored.
k - a scroll labelled YSYCISI HACAZEZU A gnoll comes into view.
It is wielding a +0 halberd.
The gnoll shouts!
A gnoll is nearby!
A gnoll is nearby!
A gnoll is nearby!
A gnoll is nearby!
A gnoll comes into view. It is wielding a +0 spear.
The gnoll shouts!
A gnoll comes into view. It is wielding a +0 spear.
The gnoll shouts!
A gnoll comes into view.
It is wielding a +0 spear and quivering a throwing net.
The gnoll moves out of view.
The gnoll shouts!
The gnoll hits you with a +0 halberd!
You hit the gnoll. Your headbutt misses the gnoll.
The gnoll is moderately wounded.
The gnoll hits you from afar with a +0 spear.
You block the gnoll's attack. The gnoll barely misses you.
The gnoll hits you from afar with a +0 spear.
You barely miss the gnoll.
The gnoll is moderately wounded.
The gnoll hits you from afar with a +0 spear.
You block the gnoll's attack. The gnoll hits you with a +0 halberd.
You hit the gnoll.
The gnoll is heavily wounded.
You block the gnoll's attack. The gnoll closely misses you.
You block the gnoll's attack.
The gnoll hits you from afar with a +0 spear. x2
The gnoll barely misses you. You furiously retaliate!
You headbutt the gnoll!
You kill the gnoll!
Okawaru accepts your kill.
The gnoll hits you from afar with a +0 spear.
You block the gnoll's attack. The gnoll hits you with a +0 spear.
You see here a +0 halberd.
You barely miss the gnoll. x2; The gnoll hits you but does no damage. x2
You block the gnoll's attack.
You are too injured to fight recklessly!
You are too injured to fight recklessly!
You are too injured to fight recklessly!
You are too injured to fight recklessly!
You feel very mighty all of a sudden. The gnoll hits you with a +0 spear.
You die...

#.#.#. #.... # #.#..
#.#.#.#.#.
......#..### ## ....
.g... ...
#...#gg###.#
#...#@#...#.. ..#
#.#...#.#...#.. ...#
............#.. #..#
.............###..#
#.#.#.#.###...#...# #
#.#..##...#...
.#.#.#..##.#.†###.###
.....................
.#...................


You could see 3 gnolls.

Vanquished Creatures
  A bombardier beetle (D:4)
  A gnoll (D:4)
  A dart slug (D:4)
  3 endoplasms
  A giant cockroach (D:2)
  3 goblins
  A hobgoblin (D:2)
  3 ball pythons
  A bat (D:2)
  6 kobolds
21 creatures vanquished.

Notes
Turn   | Place    | Note
-------+----------+-------------------------------------------
     0 | D:1      | browni3141 the Minotaur Fighter began the quest for the
                  | Orb.
     0 | D:1      | Reached XP level 1. HP: 19/19 MP: 0/0
   134 | D:2      | Reached XP level 2. HP: 27/27 MP: 1/1
   263 | D:3      | Found a sacrificial altar of Ru.
   263 | D:3      | Found an ancient bone altar of Kikubaaqudgha.
   367 | D:4      | Found Qapnuf's Book Shop.
   393 | D:4      | Found a staircase to the Ecumenical Temple.
   426 | Temple   | Entered the Ecumenical Temple
   445 | Temple   | Became a worshipper of Warmaster Okawaru
   476 | D:4      | Noticed a bombardier beetle
   485 | D:4      | Killed a bombardier beetle
   486 | D:4      | Reached XP level 3. HP: 14/33 MP: 2/2
   587 | D:4      | HP: 1/33 [gnoll/+0 spear (3)]
   589 | D:4      | Slain by a gnoll

Illustrated notes

Levels and vault maps discovered:
D:1:      dpeg_arrival_tiny_a, layout_basic
D:2:      layout_loops_ring, hellmonk_ecumenical_altar_lost_god, uniq_jessica
D:3:      layout_rooms, nicolae_overflow_two_pavilions, grunt_decor_clamped
D:4:      layout_basic, slow_altar_2, minmay_temple_entry_glass, serial_shops,
          nicolae_shop_crystal, nicolae_titane
Temple:   nicolae_temple_slightly_damp_pantheon

Skill      XL: |  1  2 |
---------------+-------+-----
Axes           | 3 |  3.8
Fighting       | 4 |  4.1
Armour         | 4 |  4.1
Shields        | 4 |  4.1

Action                     || total
---------------------------++-------
  Melee: War axe           ||    36
         Headbutt          ||     3
    Use: Potion            ||     1
 Armour: Scale mail        ||    25
  Dodge: Dodged            ||    21
  Block: Kite shield       ||    20
